 Dungeon Crawl Stone Soup version 0.26.0-7-g794d0892b4 (webtiles) character file.

Game seed: 7302487583442160356

1460 jackrogers the Basher (level 8, -3/117 HPs)
             Began as an Ogre Berserker on Jan 12, 2021.
             Was a Priest of Trog.
             Slain by an ice beast (14 damage)
             ... on level 5 of the Dungeon.
             The game lasted 00:07:34 (5460 turns).

jackrogers the Basher (Ogre Berserker)              Turns: 5460, Time: 00:07:35

Health: -3/117     AC:  3    Str: 24    XL:     8   Next: 76%
Magic:  8/8        EV: 11    Int:  8    God:    Trog [***...]
Gold:   292        SH:  0    Dex: 14    Spells: 7/7 levels left

rFire    . . .     SeeInvis .   f - +1 whip (holy)
rCold    . . .     Faith    .   (no shield)
rNeg     . . .     Spirit   .   b - +0 animal skin
rPois    .         Reflect  .   (helmet restricted)
rElec    .         Harm     .   (no cloak)
rCorr    .         Rampage  .   (gloves unavailable)
Will     .....                  (boots unavailable)
Stlth    ..........             r - amulet of regeneration {+regen, !d}
HPRegen  0.69/turn              q - +6 ring of dexterity
MPRegen  0.11/turn              (no ring)

@: berserking, very quick
A: large, unfitting armour, tough skin 1
a: Renounce Religion, Berserk, Trog's Hand


You were on level 5 of the Dungeon.
You worshipped Trog.
Trog was most pleased with you.
You visited 1 branch of the dungeon, and saw 5 of its levels.

You collected 292 gold pieces.

Inventory:

Hand Weapons
 a - a +1 mace
 f - a +1 whip of holy wrath (weapon)
   (You took it off a kobold on level 1 of the Dungeon)
 x - a +0 whip of freezing
   (You took it off Pikel on level 4 of the Dungeon)
Missiles
 i - 4 large rocks {!d}
 l - 223 stones (quivered)
 s - 6 javelins
Armour
 b - a +0 animal skin (worn)
 u - a +2 buckler
   (You found it on level 3 of the Dungeon)
 z - a +0 cloak
   (You took it off Crazy Yiuf on level 4 of the Dungeon)
Jewellery
 e - an uncursed ring of ice {rC+, rF-}
   (You found it on level 4 of the Dungeon)
 q - a +6 ring of dexterity (left hand)
   (You found it on level 4 of the Dungeon)
 r - an amulet of regeneration (around neck) {+regen, !d}
   (You found it on level 3 of the Dungeon)
Wands
 y - a wand of digging (3)
   (You took it off Ijyb on level 4 of the Dungeon)
Scrolls
 c - 5 scrolls of teleportation
 h - 2 scrolls of blinking {!r}
 k - 3 scrolls of remove curse
 A - a scroll of identify
 C - a scroll of immolation {unknown}
 D - a scroll of summoning {unknown}
Potions
 d - a potion of lignification {unknown}
 g - a potion of heal wounds {unknown}
 j - 2 potions of cancellation
 m - 4 potions of brilliance
 n - a potion of invisibility {unknown}
 o - 2 potions of degeneration {unknown}
 p - a potion of mutation {unknown}
 t - a potion of might {unknown}
 v - a potion of attraction {unknown}
 w - 2 potions of curing
 B - a potion of haste


   Skills:
 - Level 4.0 Fighting
 + Level 10.1 Maces & Flails
 - Level 2.6 Dodging


You had 7 spell levels left.
You didn't know any spells.
Your spell library was empty.

Dungeon Overview and Level Annotations

Branches:
Dungeon (5/15)
 Temple: D:4-7

Altars:
Dithmenos
Elyvilon
Hepliaklqana
Okawaru
Vehumet
Zin


Innate Abilities, Weirdness & Mutations

You are too large for most types of armour.
You have tough skin. (AC +1)


Message History

You open the door.
There is an open door here.
You see here a robe.
An orc comes into view. It is wielding a +0 whip.
An orc is nearby!
An orc is nearby!
An orc is nearby!
You throw a stone. The stone hits the orc.
The orc shouts!
An orc comes into view.
You throw a stone. The stone completely misses the orc.
The orc shouts!
You throw a stone.
The stone hits the orc but does no damage.
An ice beast comes into view.
Spoiler Alert: The ice beast (wandering) can hit for moderate damage in melee!
You throw a stone.
The stone hits the orc but does no damage.
An orc wizard comes into view. It is wielding a +0 dagger.
Warning x2: The orc wizard (wandering) might cast Slow, Confuse, Throw Flame, Throw Frost, or go Invisible!
The ice beast can hit for moderate damage in melee!
You throw a stone. The stone closely misses the orc.
The orc wizard shouts!
The orc wizard gestures wildly while chanting.
The orc wizard seems to speed up.
Warning x2: The orc wizard (fast) might cast Slow, Confuse, Throw Flame, Throw Frost, or go Invisible!
The ice beast can hit for moderate damage in melee!
You throw a stone.
The stone hits the orc but does no damage.
The orc wizard casts a spell at itself.
The orc wizard flickers and vanishes!
Deactivating autopickup; reactivate with Ctrl-A.
You hit the orc.
Spoiler Alert: The ice beast can hit for moderate damage in melee!
You whack the orc!
You kill the orc!
Trog accepts your kill.
You throw a stone. The stone closely misses the ice beast.
A jelly comes into view.
Warning x2: The jelly (wandering) can corrode equipment in melee!
The ice beast can hit for moderate damage in melee!
You throw a stone. The jelly quivers.
The stone hits the ice beast but does no damage.
An orc wizard comes into view. It is wielding a +0 dagger. x2
Warning x3: The orc wizard (wandering) might cast Slow, Confuse, Throw Flame, Throw Frost, or go Invisible! x2
The ice beast can hit for moderate damage in melee!
You barely miss the ice beast.
The orc wizard shouts! x2
Something hits you. The ice beast hits you. The ice beast freezes you!
Warning x3: The orc wizard might cast Slow, Confuse, Throw Flame, Throw Frost, or go Invisible!
The jelly can corrode equipment in melee!
The ice beast can hit for moderate damage in melee!
You hit the ice beast. Something hits you.
The ice beast hits you but does no damage.
Warning x2: The orc wizard might cast Slow, Confuse, Throw Flame, Throw Frost, or go Invisible!
The ice beast can hit for moderate damage in melee!
You barely miss the ice beast. Something barely misses you.
Warning x3: The orc wizard might cast Slow, Confuse, Throw Flame, Throw Frost, or go Invisible! x2
The ice beast can hit for moderate damage in melee!
You barely miss the ice beast. Something hits you. The ice beast misses you.
Warning x3: The orc wizard might cast Slow, Confuse, Throw Flame, Throw Frost, or go Invisible! x2
The ice beast can hit for moderate damage in melee!
You closely miss the ice beast. Something hits you but does no damage.
The orc hits you with a +0 whip.
Warning x3: The orc wizard might cast Slow, Confuse, Throw Flame, Throw Frost, or go Invisible! x2
The ice beast can hit for moderate damage in melee!
Unknown command.
Warning x3: The orc wizard might cast Slow, Confuse, Throw Flame, Throw Frost, or go Invisible! x2
The ice beast can hit for moderate damage in melee!
The ice beast barely misses you.
A magic dart appears from out of thin air!
The magic dart hits you.
Warning x3: The orc wizard might cast Slow, Confuse, Throw Flame, Throw Frost, or go Invisible!
The jelly can corrode equipment in melee!
The ice beast can hit for moderate damage in melee!
Danger x4: orc wizard x2, jelly, ice beast!
The ice beast hits you. The ice beast freezes you.
Warning x2: The orc wizard might cast Slow, Confuse, Throw Flame, Throw Frost, or go Invisible!
The ice beast can hit for moderate damage in melee!
You hit the ice beast.
Warning x2: The ice beast can hit for moderate damage in melee!
The jelly can corrode equipment in melee!
You hit the ice beast. The ice beast hits you. The ice beast freezes you!
Warning x2: The ice beast can hit for moderate damage in melee!
The jelly can corrode equipment in melee!
You hit the ice beast but do no damage.
Warning x2: The orc wizard might cast Slow, Confuse, Throw Flame, Throw Frost, or go Invisible!
The ice beast can hit for moderate damage in melee!
You hit the ice beast but do no damage. The ice beast hits you.
The ice beast freezes you!
Warning x3: The orc wizard might cast Slow, Confuse, Throw Flame, Throw Frost, or go Invisible! x2
The ice beast can hit for moderate damage in melee!
You barely miss the ice beast. The ice beast hits you.
The ice beast freezes you!
* * * LOW HITPOINT WARNING * * *
Warning x3: The orc wizard might cast Slow, Confuse, Throw Flame, Throw Frost, or go Invisible! x2
The ice beast can hit for moderate damage in melee!
You closely miss the ice beast.
Warning x3: The orc wizard might cast Slow, Confuse, Throw Flame, Throw Frost, or go Invisible! x2
The ice beast can hit for moderate damage in melee!
Okay, then.
Warning x3: The orc wizard might cast Slow, Confuse, Throw Flame, Throw Frost, or go Invisible! x2
The ice beast can hit for moderate damage in melee!
A red film seems to cover your vision as you go berserk!
You feel yourself moving faster!
You feel mighty! The ice beast barely misses you.
Warning x3: The orc wizard might cast Slow, Confuse, Throw Flame, Throw Frost, or go Invisible! x2
The ice beast can hit for moderate damage in melee!
You barely miss the ice beast.
Warning x3: The orc wizard might cast Slow, Confuse, Throw Flame, Throw Frost, or go Invisible! x2
The ice beast can hit for moderate damage in melee!
You completely miss the ice beast. The ice beast hits you.
* * * LOW HITPOINT WARNING * * *
The ice beast freezes you!
* * * LOW HITPOINT WARNING * * *
Warning x2: The orc wizard might cast Slow, Confuse, Throw Flame, Throw Frost, or go Invisible!
The ice beast can hit for moderate damage in melee!
You barely miss the ice beast.
Warning x3: The orc wizard might cast Slow, Confuse, Throw Flame, Throw Frost, or go Invisible!
The jelly can corrode equipment in melee!
The ice beast can hit for moderate damage in melee!
You barely miss the ice beast. The ice beast hits you.
* * * LOW HITPOINT WARNING * * *
The ice beast freezes you!
You die...

#......## #.........<.#...
####.#....[###.....[.........
............#...............
#.#.###.##.#...............
..# #....................
.#.#.#.##..Jo......##........
......[o...o{#....#######....
#.#.#(#.J..#Y#...## #....
(..o(...#@#...# #####
#(#.#(#.###.#...# ((.......#
#.##..#### #.#.#.#..#
#.##.....# . ...###
#..#.###.####### #.#.
##.......#.....###
##................
####................#
#.[....>............#


You could see an ice beast, a jelly, an orc wizard and an orc.

Vanquished Creatures
  Pikel (D:4)
  Sigmund (D:4)
  Menkaure (D:4)
  Duvessa (D:4)
  A centaur (D:3)
  Dowan (D:4)
  A jelly (D:3)
  An orc priest (D:3)
  Crazy Yiuf (D:4)
  A bullfrog skeleton (D:4)
  Ijyb (D:4)
  An iguana (D:4)
  3 worker ants
  A hound skeleton (D:5)
  Robin (D:4)
  9 adders
  An ooze (D:2)
  An adder skeleton (D:5)
  3 worms
  3 dart slugs
  A leopard gecko (D:4)
  14 orcs
  8 bats
  4 giant cockroaches
  11 goblins
  15 hobgoblins
  4 jackals (D:1)
  7 kobolds
  4 quokkas
  3 ball pythons
  6 frilled lizards
  6 rats
117 creatures vanquished.

Notes
Turn   | Place    | Note
-------+----------+-------------------------------------------
     0 | D:1      | jackrogers the Ogre Berserker began the quest for the Orb.
     0 | D:1      | Reached XP level 1. HP: 24/24 MP: 1/1
   105 | D:1      | Reached skill level 3 in Maces & Flails
   128 | D:1      | Reached XP level 2. HP: 24/32 MP: 2/2
  1032 | D:2      | Reached XP level 3. HP: 19/39 MP: 3/3
  1268 | D:2      | Reached ** piety under Trog
  1365 | D:2      | Reached skill level 4 in Maces & Flails
  1654 | D:2      | Reached XP level 4. HP: 48/48 MP: 4/4
  1859 | D:2      | Found a glowing silver altar of Zin.
  2252 | D:3      | Reached skill level 5 in Maces & Flails
  2252 | D:3      | Reached XP level 5. HP: 46/54 MP: 5/5
  3356 | D:3      | HP: 13/54 [orc priest/+0 trident (8)]
  3447 | D:3      | Noticed a centaur
  3459 | D:3      | Killed a centaur
  3460 | D:3      | Reached skill level 6 in Maces & Flails
  3460 | D:3      | Reached XP level 6. HP: 28/62 MP: 6/6
  3658 | D:4      | Noticed Dowan
  3705 | D:4      | Found a radiant altar of Vehumet.
  3714 | D:4      | Reached *** piety under Trog
  3740 | D:4      | Found an iron altar of Okawaru.
  3742 | D:4      | Found a hazy altar of Hepliaklqana.
  3744 | D:4      | Found a white marble altar of Elyvilon.
  3744 | D:4      | Found a shadowy altar of Dithmenos.
  3767 | D:4      | HP: 12/62 [iguana (5)]
  3864 | D:4      | Noticed Sigmund
  3888 | D:4      | HP: 7/62 [Sigmund/+0 scythe (11)]
  3890 | D:4      | Killed Sigmund
  3891 | D:4      | Reached skill level 7 in Maces & Flails
  3891 | D:4      | Reached XP level 7. HP: 8/70 MP: 7/7
  3893 | D:4      | HP: 6/70 [bullfrog skeleton (4)]
  3896 | D:4      | HP: 2/70 [bullfrog skeleton (6)]
  4075 | D:4      | Noticed Robin
  4086 | D:4      | Killed Robin
  4385 | D:4      | Found a runed translucent door.
  4386 | D:4      | Noticed Crazy Yiuf
  4447 | D:4      | Noticed Duvessa
  4559 | D:4      | Killed Dowan
  4680 | D:4      | Noticed Pikel
  4688 | D:4      | Killed Pikel
  4689 | D:4      | Reached skill level 9 in Maces & Flails
  4689 | D:4      | Reached XP level 8. HP: 78/78 MP: 8/8
  4745 | D:4      | Noticed Ijyb
  4779 | D:4      | Killed Ijyb
  4897 | D:4      | Noticed Menkaure
  4908 | D:4      | Killed Menkaure
  5040 | D:4      | Killed Duvessa
  5129 | D:4      | Killed Crazy Yiuf
  5130 | D:4      | Reached skill level 10 in Maces & Flails
  5191 | D:5      | Entered Level 5 of the Dungeon
  5454 | D:5      | HP: 18/78 [ice beast (8)]
  5460 | D:5      | HP: 11/117 [ice beast (3)]
  5460 | D:5      | Slain by an ice beast

Illustrated notes

Levels and vault maps discovered:
D:1:      lemuel_arrival_funnel, layout_basic
D:2:      layout_loops_cross, zin_academy
D:3:      layout_basic, minmay_close_crescents
D:4:      layout_gridville, grunt_temple_overflow_open, uniq_sigmund,
          uniq_robin, uniq_duvessa, uniq_pikel, uniq_crazy_yiuf_cottage,
          uniq_menkaure, uniq_ijyb
D:5:      layout_rooms, hex_medium, kennysheep_generic_room_10

Skill      XL: |  1  2  3  4  5  6  7  8 |
---------------+-------------------------+-----
Maces & Flails | 3 4 5 6 7 9 10 | 10.1
Fighting       | |  4.0
Dodging        | |  2.6

Action                   |  1- 3 |  4- 6 |  7- 9 || total
-------------------------+-------+-------+-------++-------
Melee: Mace              |   111 |   160 |       ||   271
       Whip              |       |       |   177 ||   177
Throw: Stone             |    18 |    85 |    34 ||   137
       Large rock        |     5 |       |       ||     5
Invok: Berserk           |       |     3 |     5 ||     8
  Use: Scroll            |     3 |     4 |     2 ||     9
       Potion            |       |     2 |       ||     2
 Stab: Sleeping          |       |       |     1 ||     1
Armor: Animal skin       |    58 |    32 |    25 ||   115
Dodge: Dodged            |    81 |    90 |    75 ||   246

Table legend: (Time is in decaauts)
 A = Elapsed time spent in this place.
 B = Non-inter-level travel time spent in this place.
 C = Inter-level travel time spent in this place.
 D = Time resting spent in this place.
 E = Time spent auto-exploring this place.
 F = Levels seen in this place.
 G = Mean time per level.
                   A        B        C        D        E       F      G
               +--------+--------+--------+--------+--------+-----+--------+
         Total |   5525 |   5323 |    202 |   1502 |   2830 |   5 | 1105.0 |
       Dungeon |   5525 |   5323 |    202 |   1502 |   2830 |   5 | 1105.0 |
               +--------+--------+--------+--------+--------+-----+--------+

Top non-repeatable levels by time:
     D:3: 1561 daAuts
     D:4: 1493 daAuts
     D:2: 1137 daAuts
     D:1: 1081 daAuts
     D:5: 252 daAuts

Table legend:
 A = Kills in this place as a percentage of kills in entire the game.
 B = Kills by you in this place as a percentage of kills by you in the entire game.
 C = Kills by friends in this place as a percentage of kills by friends in the entire game.
 D = Other kills in this place as a percentage of other kills in the entire game.
 E = Experience gained in this place as a percentage of experience gained in the entire game.
 F = Experience gained in this place divided by the number of levels of this place that you have seen.
                   A       B       C       D       E      F
               +-------+-------+-------+-------+-------+----------------------
         Total | 100.0 | 100.0 |   N/A |   N/A | 100.0 | 417.2
       Dungeon | 100.0 | 100.0 |   N/A |   N/A | 100.0 | 417.2
               +-------+-------+-------+-------+-------+----------------------
